 Dungeon Crawl Stone Soup version 0.25.1-2-g60ff931df9 (webtiles) character file.

Game seed: 10730043171863197653

27844 lorenzova the Eclecticist (level 13, -3/63 HPs)
             Began as a Deep Elf Conjurer on Sept 13, 2020.
             Was a High Priest of Vehumet.
             Slain by a seven-headed hydra (9 damage)
             ... on level 6 of the Lair of Beasts.
             The game lasted 00:49:36 (15618 turns).

lorenzova the Eclecticist (Deep Elf Conjurer)      Turns: 15618, Time: 00:49:36

Health: -3/63      AC:  6    Str: 11    XL:     13   Next: 6%
Magic:  31/35      EV: 12    Int: 26    God:    Vehumet [*****.]
Gold:   916        SH:  0    Dex: 15    Spells: 23/44 levels left

rFire    . . .     SeeInvis .   O - staff of conjuration
rCold    + . .     Gourm    .   (no shield)
rNeg     . . .     Faith    .   z - +2 leather armour {rF+}
rPois    .         Spirit   .   (no helmet)
rElec    .         Reflect  .   G - +0 cloak
rCorr    .         Harm     .   (no gloves)
MR       +....                  (no boots)
Stlth    ++........             F - amulet of magic regeneration
HPRegen  0.20/turn              m - +6 ring of strength
MPRegen  0.49/turn              I - ring of ice

@: no status effects
A: no striking features
a: Renounce Religion


You were on level 6 of the Lair of Beasts.
You worshipped Vehumet.
Vehumet was extremely pleased with you.
You were very hungry.

You visited 2 branches of the dungeon, and saw 14 of its levels.
You also visited: Volcano.

You collected 916 gold pieces.

Inventory:

Hand Weapons
 d - a +3 short sword
 C - a +2 quick blade of flaming
Armour
 y - a +2 robe of the Archmagi
 z - a +2 leather armour of fire resistance (worn)
 G - a +0 cloak (worn)
Magical Staves
 O - an uncursed staff of conjuration (weapon)
Jewellery
 m - a +6 ring of strength (left hand)
 o - an uncursed ring of see invisible
 F - an amulet of magic regeneration (around neck)
 I - a ring of ice (right hand)
Wands
 w - a wand of flame (22)
 E - a wand of disintegration (19)
 K - a wand of digging (5)
Scrolls
 e - a scroll of enchant weapon
 g - 2 scrolls of noise {unknown}
 h - 8 scrolls of teleportation
 j - 2 scrolls of random uselessness {unknown}
 n - a scroll of amnesia {unknown}
 p - 7 scrolls of remove curse
 s - 3 scrolls of enchant armour
 u - 3 scrolls of blinking {unknown}
 v - 2 scrolls of magic mapping {unknown}
 A - a scroll of acquirement {unknown}
 H - a scroll of silence {unknown}
 J - a scroll of torment {unknown}
 M - a scroll of brand weapon
 P - 2 scrolls of immolation {unknown}
Potions
 a - 6 potions of flight
 b - 3 potions of berserk rage
 f - 3 potions of heal wounds
 i - 3 potions of magic
 k - 2 potions of lignification
 l - 5 potions of invisibility
 q - 7 potions of curing
 r - 3 potions of mutation
 t - 3 potions of stabbing
 B - 2 potions of haste
 D - 4 potions of might
 L - 2 potions of ambrosia
Comestibles
 c - 29 rations


   Skills:
 - Level 2.4 Dodging
 - Level 2.4 Stealth
 * Level 16.1 Spellcasting
 * Level 14.3 Conjurations
 - Level 9.0 Hexes
 + Level 9.3 Charms
 - Level 6.0 Translocations
 + Level 7.1 Fire Magic


You had 23 spell levels left.
You knew the following spells:

 Your Spells              Type           Power        Failure   Level  Hunger
a - Magic Dart            Conj           ####         0%          1    None
b - Iskenderun's Battles  Conj/Chrm      #######.     1%          5    None
c - Iskenderun's Mystic   Conj/Tloc      #######.     1%          4    None
d - Fulminant Prism       Conj/Hex       #######...   1%          4    None
e - Foxfire               Conj/Fire      ####         1%          1    None
s - Sticky Flame          Conj/Fire      #######.     1%          4    None
z - Searing Ray           Conj           ######       0%          2    None

Your spell library contained the following spells:

 Spells                   Type           Power        Failure   Level  Hunger
 Irradiate                Conj/Tmut      ######....   1%          5    None
 Infusion                 Chrm           ####         1%          1    None
 Confusing Touch          Hex            ######..     1%          3    None
 Dazzling Flash           Conj/Hex       ######       1%          3    None
 Gell's Gravitas          Tloc           ######....   1%          3    None
 Ozocubu's Armour         Chrm/Ice       ######..     1%          3    None
 Portal Projectile        Hex/Tloc       ######       1%          3    None
 Animate Skeleton         Necr           N/A          3%          1    None
 Yara's Violent Unravell  Hex/Tmut       #####.....   4%          5    None
 Metabolic Englaciation   Hex/Ice        ######....   14%         5    None
 Petrify                  Tmut/Erth      ###.....     32%         4    None
 Ring of Flames           Chrm/Fire      ######....   67%         7    #####..


Dungeon Overview and Level Annotations

Branches:
Dungeon (8/15)             Temple (0/1) D:7            Lair (6/6) D:8
  Swamp (0/4) Lair:4       Spider (0/4) Lair:2      Volcano (visited)
  Slime: Lair:5-6

Altars:
Ashenzari
Dithmenos
Elyvilon
Fedhas
Gozag
Kikubaaqudgha
Makhleb
Nemelex Xobeh
Ru
Sif Muna
Uskayaw
Vehumet
Xom
Zin

Shops:
D:7 *

Annotations:
D:8 1 runed translucent door, Luthien's ghost, novice DECj
Lair:3 3 runed translucent doors, Rwicked's ghost, journeyman GrGl


Message History

The seven-headed hydra bites you!
The seven-headed hydra closely misses you.
The seven-headed hydra bites you. x2
* * * LOW HITPOINT WARNING * * *
The seven-headed hydra closely misses you.
The seven-headed hydra barely misses you.
The seven-headed hydra bites you!
* * * LOW HITPOINT WARNING * * *
Okay, then.
Unknown command.
Casting: Sticky Flame (safe; 1% risk of failure)
Confirm with . or Enter, or press ? or * to list all spells.
You feel a surge of power!
You erupt in a blast of force!
The mystic blast hits the seven-headed hydra!
The seven-headed hydra is moderately wounded.
The mystic blast hits the rime drake!!
The rime drake is almost dead.
The rime drake is knocked back by the mystic blast.
The seven-headed hydra bites you!
You die...

..≈.≈.⌠..#
#........#
#........P
##...(....
#........#
#........#
##....D..##
#......@..#
##.......##
.........#
....k....#
.........#
..........
.........#
...(......


You could see a seven-headed hydra and a rime drake.

Vanquished Creatures
  A red draconian (Volcano)
  Josephine (Lair:4)
  4 hydras
  An ogre mage (Volcano)
  4 two-headed ogres (Volcano)
  3 oklob plants (Lair:2)
  5 spiny frogs
  Maggie (D:6)
  2 rime drakes
  5 komodo dragons
  8 blink frogs (Lair:4)
  3 hippogriffs
  5 dream sheep (Lair:5)
  Sigmund (D:5)
  4 wraiths (Lair:4)
  12 yaks
  A human (D:8)
  3 basilisks
  Eustachio (D:6)
  A steam dragon (Lair:4)
  3 hogs (D:8)
  Menkaure (D:6)
  Edmund (D:6)
  4 swamp worms (Lair:4)
  10 water moccasins
  13 porcupines
  Duvessa (D:4)
  2 orc warriors
  6 ice beasts
  2 sky beasts
  2 phantoms
  2 ogres (D:4)
  16 wolves
  3 centaurs
  11 crocodiles
  Blork the orc (D:4)
  7 bullfrogs
  A wyvern zombie (D:7)
  2 scorpions
  Dowan (D:4)
  5 wights (D:7)
  An electric eel (Lair:4)
  4 jellies
  3 crimson imps (D:6)
  A centaur zombie (D:7)
  2 hounds
  7 orc wizards
  A bullfrog skeleton (D:6)
  An orc priest (D:7)
  A centaur skeleton (D:4)
  Natasha (twice) (D:2)
  4 worker ants
  A killer bee zombie (D:8)
  Robin (D:4)
  A howler monkey skeleton (D:7)
  5 adders
  2 white imps (Lair:6)
  An adder zombie (D:5)
  An adder skeleton (D:8)
  2 worms (D:2)
  A dart slug (D:2)
  3 leopard geckos
  21 orcs
  10 bats
  5 giant cockroaches
  17 goblins
  10 hobgoblins
  8 jackals
  5 kobolds
  A quokka (D:2)
  A ball python (D:2)
  6 frilled lizards
  7 rats
  A fungus (Lair:5)
  4 plants (Lair:2)
301 creatures vanquished.

Vanquished Creatures (others)
  A two-headed ogre (Volcano)
  A foxfire (D:6)
  51 fulminant prisms
53 creatures vanquished.

Grand Total: 354 creatures vanquished

Notes
Turn   | Place    | Note
-------+----------+-------------------------------------------
     0 | D:1      | lorenzova the Deep Elf Conjurer began the quest for the
                  | Orb.
     0 | D:1      | Reached XP level 1. HP: 10/10 MP: 6/6
   572 | D:1      | Reached XP level 2. HP: 15/15 MP: 4/8
   629 | D:1      | Learned a level 2 spell: Searing Ray
  1020 | D:2      | Noticed Natasha
  1128 | D:2      | Killed Natasha
  1128 | D:2      | Reached skill level 4 in Spellcasting
  1128 | D:2      | Reached skill level 5 in Conjurations
  1128 | D:2      | Reached XP level 3. HP: 19/19 MP: 5/10
  1452 | D:2      | Found a blossoming altar of Fedhas.
  1772 | D:2      | Found a radiant altar of Vehumet.
  1793 | D:2      | Noticed Natasha
  1796 | D:2      | Killed Natasha
  1796 | D:2      | Reached XP level 4. HP: 24/24 MP: 8/12
  1858 | D:2      | Became a worshipper of Vehumet
  1861 | D:2      | Found an ancient bone altar of Kikubaaqudgha.
  1862 | D:2      | Found a shimmering blue altar of Sif Muna.
  1867 | D:2      | Identified Kikubaaqudgha's Handbook of Evil
  1926 | D:2      | Reached skill level 5 in Spellcasting
  2613 | D:3      | Found a white marble altar of Elyvilon.
  2830 | D:3      | Found a sparkling altar of Nemelex Xobeh.
  2876 | D:3      | Reached XP level 5. HP: 28/28 MP: 12/14
  3478 | D:4      | Reached * piety under Vehumet
  3478 | D:4      | Offered knowledge of Freeze by Vehumet.
  3504 | D:4      | Noticed Robin
  3508 | D:4      | Killed Robin
  3616 | D:4      | Noticed Dowan
  3617 | D:4      | Noticed an ogre
  3617 | D:4      | Noticed Duvessa
  3645 | D:4      | Killed an ogre
  3645 | D:4      | Reached skill level 6 in Spellcasting
  3647 | D:4      | Killed Dowan
  3647 | D:4      | Reached XP level 6. HP: 32/32 MP: 9/17
  3743 | D:4      | Killed Duvessa
  3922 | D:4      | Reached skill level 7 in Spellcasting
  4099 | D:4      | Reached XP level 7. HP: 36/36 MP: 11/19
  4186 | D:4      | Learned a level 4 spell: Iskenderun's Mystic Blast
  4191 | D:4      | Learned a level 4 spell: Fulminant Prism
  4208 | D:4      | Found a sparkling altar of Nemelex Xobeh.
  4234 | D:4      | Found a shimmering altar of Xom.
  4234 | D:4      | Found a shimmering altar of Xom.
  4277 | D:4      | Found a glowing silver altar of Zin.
  4277 | D:4      | Found a shimmering altar of Xom.
  4277 | D:4      | Found an ancient bone altar of Kikubaaqudgha.
  4318 | D:4      | Reached skill level 1 in Hexes
  4390 | D:4      | Reached skill level 1 in Translocations
  4533 | D:4      | Reached skill level 8 in Spellcasting
  4596 | D:4      | Found a sacrificial altar of Ru.
  4762 | D:4      | Noticed Blork the orc
  4769 | D:4      | Killed Blork the orc
  4959 | D:5      | Entered Level 5 of the Dungeon
  5064 | D:5      | Got an ichor-stained robe
  5073 | D:5      | Identified the +2 robe of Depression {*Contam Int+10 Dex-5
                  | SInv} (You found it on level 5 of the Dungeon)
  5411 | D:5      | Found a shadowy altar of Dithmenos.
  5418 | D:5      | Reached XP level 8. HP: 41/41 MP: 15/22
  5440 | D:5      | Offered knowledge of Foxfire by Vehumet.
  5459 | D:5      | Learned a level 1 spell: Foxfire
  5579 | D:5      | Found a hide-covered altar of Uskayaw.
  5642 | D:5      | Noticed Sigmund
  5660 | D:5      | Reached ** piety under Vehumet
  5805 | D:6      | Noticed Edmund
  5818 | D:6      | Killed Edmund
  5818 | D:6      | Reached skill level 9 in Spellcasting
  6001 | D:6      | Found an opulent altar of Gozag.
  6396 | D:6      | Noticed Eustachio
  6431 | D:6      | Killed Eustachio
  6564 | D:6      | Noticed Maggie
  6622 | D:6      | Killed Maggie
  6622 | D:6      | Reached skill level 10 in Spellcasting
  6687 | D:6      | Noticed Menkaure
  6689 | D:6      | Killed Menkaure
  6689 | D:6      | Reached XP level 9. HP: 45/45 MP: 23/25
  6808 | D:6      | Found a burning altar of Makhleb.
  7029 | D:6      | Identified Feqota's Compendium of Lucky Translocation
  7131 | D:6      | Noticed a four-headed hydra
  7263 | D:5      | Killed Sigmund
  7263 | D:5      | Reached skill level 5 in Hexes
  7564 | D:6      | Killed a four-headed hydra
  7564 | D:6      | Reached skill level 11 in Spellcasting
  7564 | D:6      | Reached skill level 10 in Conjurations
  7947 | D:7      | Found Zin's Purification Station.
  7947 | D:7      | Found a glowing silver altar of Zin.
  8010 | D:7      | Found a shattered altar of Ashenzari.
  8498 | D:7      | Reached skill level 5 in Translocations
  8577 | D:7      | Found a staircase to the Ecumenical Temple.
  8591 | D:7      | Offered knowledge of Frozen Ramparts by Vehumet.
  8823 | D:7      | Reached XP level 10. HP: 50/50 MP: 19/27
  9556 | D:8      | Found a runed translucent door.
  9556 | D:8      | Found a shimmering altar of Xom.
  9556 | D:8      | Noticed Luthien's ghost (novice DECj)
  9557 | D:8      | Noticed a +0 spear of chaos
  9575 | D:8      | Reached *** piety under Vehumet
  9585 | D:8      | Learned a level 5 spell: Iskenderun's Battlesphere
  9816 | D:8      | Reached skill level 12 in Spellcasting
  9816 | D:8      | Reached skill level 1 in Charms
  9839 | D:8      | Reached skill level 1 in Fire Magic
 10037 | D:8      | Found a staircase to the Lair.
 10232 | Lair:1   | Entered Level 1 of the Lair of Beasts
 10613 | Lair:1   | Offered knowledge of Inner Flame by Vehumet.
 11239 | Lair:2   | Reached skill level 13 in Spellcasting
 11239 | Lair:2   | Reached XP level 11. HP: 54/54 MP: 24/30
 11273 | Lair:2   | Found a hole to the Spider Nest.
 11526 | Lair:2   | Noticed an oklob plant
 12131 | Lair:2   | Noticed an oklob plant
 12138 | Lair:2   | Killed an oklob plant
 12138 | Lair:2   | Reached skill level 5 in Charms
 12138 | Lair:2   | Killed an oklob plant
 12140 | Lair:2   | Noticed an oklob plant
 12147 | Lair:2   | Killed an oklob plant
 12252 | Lair:3   | Reached **** piety under Vehumet
 12343 | Lair:3   | Found a runed translucent gate.
 12343 | Lair:3   | Found a runed translucent gate.
 12343 | Lair:3   | Found a runed translucent gate.
 12343 | Lair:3   | Noticed Rwicked's ghost (journeyman GrGl)
 12390 | Lair:3   | Found a dark tunnel.
 12396 | Volcano  | Entered a volcano
 12417 | Volcano  | Noticed a two-headed ogre
 12426 | Volcano  | Killed a two-headed ogre
 12453 | Volcano  | Noticed an ogre mage
 12459 | Volcano  | Killed an ogre mage
 12464 | Volcano  | Noticed a two-headed ogre
 12471 | Volcano  | Killed a two-headed ogre
 12473 | Volcano  | Noticed a two-headed ogre
 12476 | Volcano  | Killed a two-headed ogre
 12476 | Volcano  | Reached skill level 14 in Spellcasting
 12613 | Volcano  | Noticed a two-headed ogre
 12617 | Volcano  | Killed a two-headed ogre
 12617 | Volcano  | Reached skill level 5 in Fire Magic
 12649 | Volcano  | Noticed a red draconian
 12649 | Volcano  | Noticed a two-headed ogre
 12659 | Volcano  | Killed a two-headed ogre
 12667 | Volcano  | Killed a red draconian
 12667 | Volcano  | Reached XP level 12. HP: 35/59 MP: 21/32
 13441 | Lair:4   | Noticed a seven-headed hydra
 13445 | Lair:4   | Offered knowledge of Sticky Flame by Vehumet.
 13605 | Lair:4   | Noticed an eight-headed hydra
 13611 | Lair:4   | Killed an eight-headed hydra
 13722 | Lair:4   | Learned a level 4 spell: Sticky Flame
 13775 | Lair:4   | Noticed a four-headed hydra
 13780 | Lair:4   | Killed a four-headed hydra
 13780 | Lair:4   | Reached skill level 15 in Spellcasting
 13980 | Lair:4   | Killed a seven-headed hydra
 14034 | Lair:4   | Noticed Josephine
 14041 | Lair:4   | Killed Josephine
 14041 | Lair:4   | Reached ***** piety under Vehumet
 14226 | Lair:4   | Found a staircase to the Swamp.
 14280 | Lair:4   | Offered knowledge of Irradiate by Vehumet.
 14787 | Lair:5   | Reached skill level 16 in Spellcasting
 15166 | Lair:6   | Entered Level 6 of the Lair of Beasts
 15172 | Lair:6   | Reached XP level 13. HP: 63/63 MP: 28/35
 15618 | Lair:6   | Slain by a seven-headed hydra

Illustrated notes

Levels and vault maps discovered:
D:1:      lightli_arrival_maybe_door_vault, layout_loops_corners,
          hangedman_feature_mirror, fountainhead
D:2:      minmay_thinvault, layout_basic, grunt_temple_overflow_magic_moments,
          fedhas_altar_fruit_tree, serial_forest, infiniplex_forest_end_1,
          infiniplex_forest_straight_2, infiniplex_forest_clump_curved,
          infiniplex_forest_clump_double, infiniplex_forest_lined_ring,
          infiniplex_forest_clump_curved, infiniplex_forest_diagonal,
          infiniplex_forest_diagonal, infiniplex_forest_pool,
          infiniplex_forest_corner_2, first_ration, minmay_pentomino_w2,
          uniq_natasha
D:3:      layout_loops_corners, elyvilon_altar_5,
          nemelex_xobeh_ov_fountains_minmay, grunt_decor_mini_mirrors
D:4:      layout_loops_ring, lemuel_coloured_pillars_altar,
          minmay_misc_feat_ornament, doesnt_xom_only_xom, uniq_duvessa,
          uniq_robin, uniq_blork_the_orc
D:5:      layout_gridville, kennysheep_little_box,
          nicolae_dithmenos_the_darkroom, dk_rats_in_the_wall, uniq_sigmund
D:6:      kennysheep_spiral_hall, layout_basic, bloody_makhleb,
          grunt_gozag_breadcrumbs, uniq_menkaure, uniq_eustachio, uniq_edmund,
          uniq_maggie
D:7:      layout_layer_cave, old_standard_altar, zin_purify,
          minmay_temple_entry_mini_moons
D:8:      layout_basic, dpeg_oklobed_lair, ebering_ghost_xom, grunt_livestock
Lair:1:   layout_gridlike, infiniplex_staircase_pool_2, grunt_megastairs_4
Lair:2:   layout_cave_pods, spider_nest_entry_web_field,
          minmay_lair_oklob_chamber
Lair:3:   layout_gridlike, gammafunk_ghost_necromancy,
          nicolae_volcano_entry_s_turn, chequers_serial_rivers_micro_c,
          st_stairs_12, chequers_serial_rivers_micro_c
Lair:4:   layout_gridlike, nicolae_swamp_entry_splash_gauntlet,
          grunt_megastairs_5, uniq_josephine
Lair:5:   layout_long_grid, grunt_megastairs_1
Lair:6:   guppyfry_lair_end_dragon, layout_big_grid, hangedman_lair_in_review,
          minmay_slime_entry_oklob_enclosed, ice2_lemuel

Skill      XL: |  1  2  3  4  5  6  7  8  9 10 11 12 |
---------------+-------------------------------------+-----
Spellcasting   | 4 5 6 7 8 10 11 13 14 16 | 16.1
Conjurations   | 5 6 7 8 9 10 11 12 14 | 14.3
Hexes          | 2 4 6 7 9 |  9.0
Translocations | 2 3 5 6 |  6.0
Charms         | 4 6 9 |  9.3
Fire Magic     | 3 5 7 |  7.1
Dodging        | |  2.4
Stealth        | |  2.4

Action                   |  1- 3 |  4- 6 |  7- 9 | 10-12 | 13-15 || total
-------------------------+-------+-------+-------+-------+-------++-------
Melee: Dire flail        |       |       |     5 |     3 |       ||     8
 Cast: Magic Dart        |    61 |    78 |   107 |   187 |     4 ||   437
       Searing Ray       |     1 |     9 |    32 |    27 |     1 ||    70
       Fulminant Prism   |       |       |    18 |    31 |     3 ||    52
       Foxfire           |       |       |     1 |       |       ||     1
       Iskenderun's Myst |       |       |     1 |     4 |     1 ||     6
       Iskenderun's Batt |       |       |       |    51 |       ||    51
       Sticky Flame      |       |       |       |     4 |     3 ||     7
Evoke: Wand              |       |       |       |     1 |       ||     1
  Use: Scroll            |       |     8 |     3 |    10 |       ||    21
       Potion            |       |       |       |       |     3 ||     3
 Stab: Sleeping          |       |       |       |     1 |       ||     1
  Eat: Chunk             |     3 |     6 |    11 |    15 |       ||    35
       Ration            |       |       |     1 |     2 |       ||     3
Armor: Robe              |     1 |       |    10 |     3 |       ||    14
       Leather armour    |       |       |       |     1 |     1 ||     2
Dodge: Dodged            |     4 |     5 |    25 |    14 |    12 ||    60
